 Dungeon Crawl Stone Soup version 0.22-a0-266-g5fdf0d7 (webtiles) character file.

57 Dobeq the Shooter (level 3, -4/29 HPs)
             Began as a Centaur Arcane Marksman on Mar 8, 2018.
             Slain by a goblin (6 damage)
             ... led by Robin
             ... on level 2 of the Dungeon.
             The game lasted 00:04:44 (1055 turns).

Dobeq the Shooter (Centaur Arcane Marksman)         Turns: 1055, Time: 00:04:44

Health: -4/29      AC:  4    Str: 12    XL:     3   Next: 73%
Magic:  4/4        EV: 10    Int: 12    God:
Gold:   57         SH:  0    Dex: 10    Spells: 3/4 levels left

rFire    . . .     SeeInvis .   a - +0 shortbow
rCold    . . .     Gourm    .   (shield currently unavailable)
rNeg     . . .     Faith    .   e - +0 robe
rPois    .         Spirit   .   (no helmet)
rElec    .         Reflect  .   (no cloak)
rCorr    .         Harm     .   (no gloves)
MR       .....                  (no barding)
Stlth    +.........             (no amulet)
HPRegen  0.09/turn              (no ring)
MPRegen  0.09/turn              (no ring)

@: very quick
A: large, hooves 3, deformed body, speed 2, tough skin 3
a: no special abilities


You were on level 2 of the Dungeon.
You were not hungry.

You visited 1 branch of the dungeon, and saw 2 of its levels.

You collected 57 gold pieces.

Inventory:

Hand Weapons
 a - a +0 shortbow (weapon)
Armour
 e - a +0 robe (worn)
Scrolls
 b - 2 scrolls of remove curse {unknown}
 g - a scroll of enchant armour {unknown}
 j - a scroll of enchant weapon {unknown}
 k - a scroll of identify {unknown}
Potions
 c - a potion of might {unknown}
 h - a potion of mutation {unknown}
 i - a potion of brilliance {unknown}
Comestibles
 f - 8 rations
 l - 4 chunks of flesh


   Skills:
 + Level 2.2 Fighting
 + Level 4.3 Bows
 + Level 1.5 Dodging
 + Level 1.0 Spellcasting
 + Level 2.9 Hexes


You had 3 spell levels left.
You knew the following spells:

 Your Spells              Type           Power        Failure   Level  Hunger
a - Corona                Hex            #......      9%          1    ##.....


Dungeon Overview and Level Annotations

Branches:
Dungeon (2/15)

Altars:

Annotations:
D:2 Robin


Innate Abilities, Weirdness & Mutations

You have hooves in place of feet.
Armour fits poorly on your strangely shaped body.
You cover ground very quickly.
You have extremely tough skin. (AC +3)


Message History

A hobgoblin comes into view.
A goblin comes into view. It is wielding a club.
The goblin shouts!
You clumsily bash the goblin but do no damage.
The goblin closely misses you. The goblin hits you with a club.
You clumsily bash the goblin but do no damage.
The goblin hits you. The goblin hits you but does no damage.
The goblin hits you.
* * * LOW HITPOINT WARNING * * *
The goblin hits you with a club.
* * * LOW HITPOINT WARNING * * *
You closely miss the goblin. You kick the goblin.
The goblin is severely wounded.
Robin says, "Feeling lonely?"
The goblin closely misses you. The goblin hits you but does no damage.
You clumsily bash the goblin but do no damage.
Your kick misses the goblin.
The goblin is severely wounded.
The goblin hits you.
You die...

#...#..#####.#
#)#..........#
#.#.##########
#....."#
#.#.##(#
#....#.##
#g####((..#
#g##.....##
#@gg.....#
###g.....#
#...?.<#
g(|$...#
.##..(..# ####


You could see Robin, a hobgoblin and 3 goblins.

Vanquished Creatures
  A worker ant (D:2)
  An adder (D:2)
  An ooze (D:2)
  3 bats (D:1)
  4 goblins
  5 hobgoblins
  2 kobolds
  A quokka (D:2)
  A frilled lizard (D:1)
  2 rats (D:1)
21 creatures vanquished.

Notes
Turn   | Place    | Note
-------+----------+-------------------------------------------
     0 | D:1      | Dobeq the Centaur Arcane Marksman began the quest for the Orb.
     0 | D:1      | Reached XP level 1. HP: 16/16 MP: 2/2
   210 | D:1      | Reached skill level 3 in Bows
   336 | D:1      | Reached XP level 2. HP: 15/23 MP: 3/3
   980 | D:2      | Reached XP level 3. HP: 29/29 MP: 4/4
  1036 | D:2      | Reached skill level 4 in Bows
  1039 | D:2      | Noticed Robin
  1055 | D:2      | Slain by a goblin

Vault maps used:
D:1:      dpeg_arrival_solitude
D:2:      minmay_door_path, first_ration, grunt_ministairs_2, uniq_robin

Skill      XL: |  1  2  3 |
---------------+----------+-----
Bows           | 3 4 |  4.3
Fighting       | 2 |  2.2
Dodging        | |  1.5
Spellcasting   | |  1.0
Hexes          | |  2.9

Action                   || total
-------------------------++-------
Melee: Shortbow          ||    14
       Kick              ||     2
 Fire: Shortbow          ||    99
 Cast: Corona            ||     1
Armor: Robe              ||    26
Dodge: Dodged            ||    44

Table legend:
 A = Spawn XP
 B = Non-spawn XP
 C = Spawn XP percentage of total XP
 D = Spawn monster count
 E = Non-spawn monster count
 F = Spawn count percentage of total count
 G = Total turns spent on level
                    A         B        C        D         E        F      G
               +---------+---------+-------+---------+---------+-------+---------
         Total |       0 |      82 |   0.0 |       0 |      21 |   0.0 |  1055
               +---------+---------+-------+---------+---------+-------+---------
           D:1 |       0 |      18 |   0.0 |       0 |      12 |   0.0 |   911
           D:2 |       0 |      64 |   0.0 |       0 |       9 |   0.0 |   144
               +---------+---------+-------+---------+---------+-------+---------
